 Dungeon Crawl Stone Soup version 0.26.1-11-gd32895ea62 (webtiles) character file.

Game seed: 4164953973512238886

173 Zeld the Slasher (level 5, 0/36 (38) HPs)
             Began as a Human Gladiator on June 4, 2021.
             Succumbed to Crazy Yiuf's poison
             ... on level 3 of the Dungeon.
             The game lasted 00:04:58 (4219 turns).

Zeld the Slasher (Human Gladiator)                  Turns: 4219, Time: 00:04:58

HP:   0/36 (38)     AC:  5    Str: 15    XL:     5   Next: 83%
MP:   5/5           EV: 13    Int:  8    God:
Gold: 119           SH:  0    Dex: 15    Spells: 4/4 levels left

rFire    . . .     SeeInvis .   a - +0 long sword
rCold    . . .     Faith    .   (no shield)
rNeg     . . .     Spirit   .   b - +0 leather armour
rPois    .         Reflect  .   c - +0 helmet
rElec    .         Harm     .   r - +0 cloak
rCorr    .         Rampage  .   (no gloves)
Will     .....                  (no boots)
Stlth    +.........             (no amulet)
HPRegen  0.12/turn              (no ring)
MPRegen  0.09/turn              (no ring)

@: lethally poisoned (0 -> -4), drained
A: no striking features
a: no special abilities


You were on level 3 of the Dungeon.
You visited 1 branch of the dungeon, and saw 3 of its levels.

You collected 119 gold pieces.

Inventory:

Hand Weapons
 a - a +0 long sword (weapon)
Missiles
 d - 3 throwing nets (quivered)
Armour
 b - a +0 leather armour (worn)
 c - a +0 helmet (worn)
 r - a +0 cloak (worn)
Jewellery
 i - an uncursed amulet of magic regeneration {unknown}
Scrolls
 e - a scroll of remove curse {unknown}
 f - a scroll of teleportation {unknown}
 g - 2 scrolls of amnesia {unknown}
 h - 2 scrolls of magic mapping {unknown}
 m - 2 scrolls of identify {unknown}
 q - a scroll of immolation {unknown}
Potions
 j - a potion of heal wounds {unknown}
 k - a potion of curing {unknown}
 l - a potion of attraction {unknown}
 n - a potion of might {unknown}
 o - a potion of ambrosia {unknown}
 p - 2 potions of cancellation {unknown}


   Skills:
 - Level 2.0 Fighting
 * Level 6.0 Long Blades
 - Level 2.0 Throwing
 - Level 3.0 Dodging


You had 4 spell levels left.
You didn't know any spells.
Your spell library was empty.

Dungeon Overview and Level Annotations

Branches:
Dungeon (3/15)

Altars:

Annotations:
D:3 Crazy Yiuf


Message History

Crazy Yiuf cries, "Cod!"
* * * LOW HITPOINT WARNING * * *
You feel sick.
Crazy Yiuf yells, "Snoogle sizzlefizz fast!"
* * * LOW HITPOINT WARNING * * *
You feel sick.
* * * LOW HITPOINT WARNING * * *
You feel sick.
* * * LOW HITPOINT WARNING * * *
You feel sick.
Crazy Yiuf grits, "Blight eyeball foot!"
* * * LOW HITPOINT WARNING * * *
You feel sick.
* * * LOW HITPOINT WARNING * * *
You feel sick.
Really walk into that dispersal trap? [Y]es or [N]o only, please.
Really walk into that dispersal trap?
You enter a dispersal trap!
Crazy Yiuf blinks!
You blink.
You die...

#...?...##......#
#.....?.##))....#
#.......##......#
#.......##.....## ..
#..#g##.##....## #..
#..#......<.### #.#
#...........# #.#
##.####.###.# #.# #.#
#@###.####### #.. #.#
#.§.§.......####.# #K#
#####.#####..>...# #g#
#.##########.# #.#
#.#...K.S.....
#.########.........##.#
#.......w....#####.##.#
############## #.##.#
#.##.#


You could see Crazy Yiuf.

Vanquished Creatures
  A centaur zombie (D:2)
  3 gnolls (D:2)
  3 adders (D:2)
  An ooze (D:2)
  3 worms
  3 dart slugs
  A leopard gecko (D:3)
  A ball python (D:3)
  2 giant cockroaches (D:1)
  4 goblins
  11 hobgoblins
  7 jackals
  10 bats
  4 frilled lizards
  6 kobolds
  4 rats
64 creatures vanquished.

Vanquished Creatures (others)
  A fungus (D:2)
1 creature vanquished.

Grand Total: 65 creatures vanquished

Notes
Turn   | Place    | Note
-------+----------+-------------------------------------------
     0 | D:1      | Zeld the Human Gladiator began the quest for the Orb.
     0 | D:1      | Reached XP level 1. HP: 16/16 MP: 1/1
   218 | D:1      | Reached XP level 2. HP: 22/22 MP: 2/2
   625 | D:1      | Reached skill level 4 in Long Blades
   625 | D:1      | Reached XP level 3. HP: 21/27 MP: 3/3
  2165 | D:2      | Reached XP level 4. HP: 19/33 MP: 4/4
  2384 | D:2      | Reached skill level 5 in Long Blades
  2718 | D:2      | Reached XP level 5. HP: 31/38 MP: 5/5
  3121 | D:2      | Found a runed translucent door.
  3122 | D:2      | Noticed Crazy Yiuf
  3451 | D:3      | Paralysed by Crazy Yiuf for 5 turns
  4166 | D:3      | Reached skill level 6 in Long Blades
  4215 | D:3      | HP: 1/36 [poisoned by Crazy Yiuf]
  4219 | D:3      | Succumbed to Crazy Yiuf's poison

Illustrated notes

Levels and vault maps discovered:
D:1:      onia_arrival_mini_spirals, layout_loops_corners
D:2:      layout_rooms, uniq_crazy_yiuf_cottage
D:3:      layout_loops_ring, uniq_robin, uniq_terence, uniq_jessica

Skill      XL: |  1  2  3  4  5 |
---------------+----------------+-----
Long Blades    | 4 5 6 |  6.0
Fighting       | |  2.0
Throwing       | |  2.0
Dodging        | |  3.0

Action                   |  1- 3 |  4- 6 || total
-------------------------+-------+-------++-------
Melee: Long sword        |    50 |   138 ||   188
 Stab: Sleeping          |       |     1 ||     1
Armor: Leather armour    |    20 |    45 ||    65
Dodge: Dodged            |    45 |   124 ||   169
       Rpst.: Long sword |    21 |    40 ||    61
